 Dungeon Crawl Stone Soup version 0.29.1-15-g9cfb28693d (webtiles) character file.

Game seed: 6843372609467015845

134 Anriel the Magician (level 4, -3/24 HPs)
             Began as a Deep Elf Hedge Wizard on Mar 3, 2023.
             Shot with an arrow by an orc (7 damage)
             ... on level 3 of the Dungeon.
             The game lasted 00:16:12 (3170 turns).

Anriel the Magician (Deep Elf Hedge Wizard)         Turns: 3170, Time: 00:16:12

Health: -3/24      AC:  2    Str:  7    XL:     4   Next: 95%
Magic:  8/13       EV: 13    Int: 21    God:
Gold:   148        SH:  0    Dex: 14    Spells: 4/13 levels left

rFire   . . .      SeeInvis .   a - +0 dagger
rCold   . . .      Faith    .   (no shield)
rNeg    . . .      Spirit   .   b - +0 robe
rPois   .          Reflect  .   c - +0 hat
rElec   .          Harm     .   m - scarf {repulsion}
rCorr   .          Rampage  .   (no gloves)
Will    .....                   (no boots)
Stlth   ++........              (no amulet)
HPRegen 0.08/turn               (no ring)
MPRegen 0.13/turn               (no ring)

@: repel missiles
A: no striking features
a: no special abilities


You were on level 3 of the Dungeon.
You visited 1 branch of the dungeon, and saw 3 of its levels.

You collected 148 gold pieces.

Inventory:

Hand Weapons
 a - a +0 dagger (weapon)
Armour
 b - a +0 robe (worn)
 c - a +0 hat (worn)
 m - a scarf of repulsion (worn)
Magical Staves
 k - a staff of death
Jewellery
 e - a ring of fire
 h - a +6 ring of strength
 i - a ring of ice
 j - an amulet of guardian spirit
Scrolls
 f - 4 scrolls of identify
 n - a scroll of magic mapping
Potions
 d - a potion of magic
 g - 2 potions of attraction
 o - a potion of might


   Skills:
 + Level 3.7 Dodging
 - Level 3.0 Stealth
 - Level 5.0 Spellcasting
 + Level 3.1 Conjurations
 + Level 2.5 Hexes
 - Level 1.1 Summonings
 - Level 1.1 Translocations


You had 4 spell levels left.
You knew the following spells:

 Your Spells              Type           Power      Damage    Failure   Level
a - Magic Dart            Conj           72%        1d6       3%          1
b - Blink                 Tloc           18%        N/A       11%         2
c - Slow                  Hex            60%        N/A       3%          1
d - Call Imp              Summ           9%         N/A       11%         2
e - Stone Arrow           Conj/Erth      22%        3d8       17%         3

Your spell library contained the following spells:

 Spells                   Type           Power      Damage    Failure   Level
 Conjure Flame            Conj/Fire      11%        6-21      17%         3
 Mephitic Cloud           Conj/Pois/Air  9%         N/A       22%         3
 Animate Armour           Summ/Erth      14%        N/A       65%         4
 Lehudib's Crystal Spear  Conj/Erth      5%         10d3      100%        8


Dungeon Overview and Level Annotations

Branches:
Dungeon (3/15)

Altars:


Message History

The magic dart hits the orc.
The orc is severely wounded.
The orc shoots an arrow.
The arrow barely misses you.
Aiming: Magic Dart (safe; 3% risk of failure)
Press: ? - help, Q - select action, (/) - cycle Shift-Dir - straight line, f/p - orc
Aim: an orc, wielding a +0 longbow and wearing a +0 chain mail (severely wounded, 100% to hit)
The magic dart hits the orc but does no damage.
The orc is severely wounded.
The orc shoots an arrow.
The arrow closely misses you.
There is a stone staircase leading up here.
Casting: Magic Dart (safe; 3% risk of failure)
Confirm with . or Enter, or press ? or * to list all spells.
Okay, then.
Casting: Magic Dart (safe; 3% risk of failure)
Confirm with . or Enter, or press ? or * to list all spells.
You miscast Call Imp.
You are very lightly contaminated with residual magic.
Nothing appears to happen.
The orc priest shouts!
You hear a shout!
The orc shoots an arrow.
The arrow closely misses you.
Casting: Call Imp (safe; 11% risk of failure)
Confirm with . or Enter, or press ? or * to list all spells.
You blink.
The orc shoots an arrow.
The arrow barely misses you.
The orc priest calls down the wrath of Beogh upon you.
Beogh smites you!
* * * LOW HITPOINT WARNING * * *
Okay, then.
Okay, then.
Okay, then.
The orc shoots an arrow.
The arrow completely misses you.
The orc shoots an arrow.
The arrow misses you.
You feel stable enough to blink again.
Found a dented lapis lazuli amulet.
Your magical contamination has completely faded away.
j - an amulet of guardian spirit
Okay, then.
You open the door.
The orc shoots an arrow.
The arrow hits you!
You die...

###.##
#o# #.#
#o# #.#
#.# .#
#.# #.#
###+##.#
#....#.#
#....#.#
#....@.#
#....###
#....
#....
#....
#####


You could see an orc.

Vanquished Creatures
  5 adders (D:2)
  A dart slug (D:2)
  4 orcs
  5 endoplasms
  2 giant cockroaches (D:2)
  6 goblins
  5 hobgoblins
  4 quokkas (D:1)
  4 ball pythons
  3 bats
  A frilled lizard (D:1)
  5 kobolds
  3 rats
48 creatures vanquished.

Vanquished Creatures (collateral kills)
  An orc priest (D:2)
  An orc (D:2)
  An endoplasm (D:1)
3 creatures vanquished.

Grand Total: 51 creatures vanquished

Notes
Turn   | Place    | Note
-------+----------+-------------------------------------------
     0 | D:1      | Anriel the Deep Elf Hedge Wizard began the quest for the
                  | Orb.
     0 | D:1      | Reached XP level 1. HP: 10/10 MP: 7/7
   323 | D:1      | Reached XP level 2. HP: 15/15 MP: 5/9
   326 | D:1      | Learned a level 2 spell: Blink
   328 | D:1      | Learned a level 1 spell: Slow
   331 | D:1      | Learned a level 2 spell: Call Imp
   691 | D:1      | Found a faded altar of an unknown god.
  1033 | D:1      | Reached XP level 3. HP: 9/19 MP: 6/11
  1195 | D:1      | Learned a level 3 spell: Stone Arrow
  1219 | D:2      | Reached skill level 5 in Spellcasting
  1457 | D:2      | Reached skill level 1 in Hexes
  1774 | D:2      | Reached XP level 4. HP: 24/24 MP: 8/13
  3170 | D:3      | Shot with an arrow by an orc

Illustrated notes

Levels and vault maps discovered:
D:1:      onia_arrival_mini_spirals, layout_rooms,
          hellmonk_ecumenical_altar_inner_sanctum, minmay_unequal
D:2:      layout_basic, minmay_heptomino_d4
D:3:      layout_basic, lemuel_tele_altar, amcnicky_altar_gilded

Skill      XL: |  1  2  3  4 |
---------------+-------------+-----
Dodging        | 3 |  3.7
Conjurations   | 2 3 |  3.1
Spellcasting   | 5 |  5.0
Stealth        | 3 |  3.0
Hexes          | 1 2 |  2.5
Summonings     | |  1.1
Translocations | |  1.1

Action                   |  1- 3 |  4- 6 || total
-------------------------+-------+-------++-------
Melee: Dagger            |    18 |    12 ||    30
       Punch             |       |     1 ||     1
 Cast: Magic Dart        |    91 |    46 ||   137
       Call Imp          |     4 |     2 ||     6
       Blink             |     1 |     6 ||     7
       Slow              |     1 |       ||     1
  Use: Scroll            |     3 |     4 ||     7
 Stab: Sleeping          |       |     2 ||     2
Armor: Robe              |     7 |     1 ||     8
Dodge: Dodged            |    31 |    21 ||    52
